 Dungeon Crawl Stone Soup version 0.31-a0-343-g456c268693 (webtiles) character file.

Game seed: 1778558932289412860

146 lappor the Covered (level 5, 0/41 HPs)
             Began as a Human Fighter on July 21, 2023.
             Was an Initiate of the Shining One.
             Succumbed to an adder's poison
             ... on level 3 of the Dungeon.
             The game lasted 00:08:15 (1915 turns).

lappor the Covered (Human Fighter)                  Turns: 1915, Time: 00:08:16

Health: 0/41       AC:  0    Str: 16    XL:     5   Next: 53%
Magic:  5/5        EV:  9    Int:  8    God:    the Shining One [......]
Gold:   53         SH:  5    Dex: 15    Spells: 4/4 levels left

rFire   . . .        a - +0 rapier
rCold   . . .        c - +0 buckler
rNeg    . . .        b - +0 scale mail
rPois   .            (no helmet)
rElec   .            (no cloak)
rCorr   .            (no gloves)
SInv    .            (no boots)
Will    .....        (no amulet) Stlth
                     (no ring)
HPRegen 0.26/turn    (no ring)
MPRegen 0.09/turn

%: no passive effects
@: lethally poisoned (0 -> -3), corroded, glowing
A: no striking features
a: Renounce Religion


You were on level 3 of the Dungeon.
You worshipped the Shining One.
The Shining One was noncommittal.
You visited 1 branch of the dungeon, and saw 3 of its levels.

You collected 53 gold pieces.

Inventory:

Hand Weapons
 a - a +0 rapier (weapon)
Armour
 b - a +0 scale mail (worn)
 c - a +0 buckler (worn)
Jewellery
 k - an amulet of magic regeneration
 l - a ring of protection from fire
Scrolls
 g - a scroll of fear
 j - a scroll of brand weapon {unknown}
 m - a scroll of blinking {unknown}
Potions
 d - a potion of might
 e - a potion of heal wounds {unknown}
 f - a potion of attraction {unknown}
 h - 2 potions of brilliance {unknown}
 i - 2 potions of magic {unknown}


   Skills:
 * Level 3.6 Fighting
 + Level 2.9(3.0) Short Blades
 * Level 1.1(2.2) Long Blades
 * Level 3.8 Armour
 * Level 1.2 Dodging
 * Level 1.2 Stealth
 * Level 3.3 Shields


You had 4 spell levels left.
You didn't know any spells.
Your spell library contained the following spells:

 Spells                   Type           Power      Damage    Failure   Level
 Ignite Poison            Fire/Tmut/Pois 0%         N/A       99%         3
 Summon Forest            Summ/Tloc      0%         N/A       100%        5


Dungeon Overview and Level Annotations

Branches:
Dungeon (3/15)

Altars:
Kikubaaqudgha
Okawaru
The Shining One


Message History

You hit the jelly.
Your hands burn!
The jelly is severely wounded.
The jelly hits you but does no damage.
You hit the jelly.
Your hands burn!
The jelly is almost dead.
The jelly misses you.
You hit the jelly but do no damage. The acid corrodes you!
Your hands burn!
* * * LOW HITPOINT WARNING * * *
The jelly is almost dead.
You block the jelly's attack.
You hit the jelly but do no damage.
Your hands burn!
* * * LOW HITPOINT WARNING * * *
The jelly is almost dead.
The jelly closely misses you. You block the jelly's attack.
You hit the jelly but do no damage.
Your hands burn!
* * * LOW HITPOINT WARNING * * *
The jelly is almost dead.
The adder bites you.
* * * LOW HITPOINT WARNING * * *
The jelly barely misses you.
You hit the jelly.
You kill the jelly!
The adder closely misses you. x2
You block the adder's attack.
You closely miss the adder. The adder bites you.
* * * LOW HITPOINT WARNING * * *
The adder bites you.
* * * LOW HITPOINT WARNING * * *
You are lethally poisoned!
The adder poisons you!
You closely miss the adder.
* * * LOW HITPOINT WARNING * * *
You feel sick. The adder closely misses you.
You barely miss the adder.
* * * LOW HITPOINT WARNING * * *
You feel sick. The adder bites you.
* * * LOW HITPOINT WARNING * * *
The adder closely misses you.
You closely miss the adder.
You die...

............... ..#
#.... ....####.####.
#.. ###.##. .#..# #.
#. #.# #.#.#.# .#..#
...###. #.# ##...##
.#.... .......###.###
##.##
.#...##....#.)......#
#### #.# .##...
...<....#.# #..# #.#
.##..##
#.#......#####..# #.#
.##..#
#.....S@........# #.#
[# ..#
#..........######.#
#.# #.#.##...### #..#
#.# # ##.## #.##
#.### #.# #.# #....
#.# #.# ##### #.# #.#
#.# #.# #.#


You could see an adder.

Vanquished Creatures
  A howler monkey (D:3)
  A jelly (D:3)
  An adder (D:2)
  2 dart slugs (D:1)
  3 orcs (D:3)
  10 endoplasms
  3 giant cockroaches
  A goblin (D:2)
  6 hobgoblins
  2 jackals (D:1)
  3 kobolds
  2 quokkas
  4 ball pythons
  8 bats
  A frilled lizard (D:3)
  17 rats
65 creatures vanquished.

Notes
Turn   | Place    | Note
-------+----------+-------------------------------------------
     0 | D:1      | lappor the Human Fighter began the quest for the Orb.
     0 | D:1      | Reached XP level 1. HP: 18/18 MP: 1/1
   145 | D:1      | Reached XP level 2. HP: 23/24 MP: 2/2
   164 | D:1      | Got Suwkonun's Grimoire of Illusion and the Scorpion
   322 | D:1      | Reached XP level 3. HP: 29/29 MP: 3/3
   450 | D:1      | You fall into a shaft and drop 1 floor!
   935 | D:2      | Noticed an ogre
   997 | D:2      | Reached XP level 4. HP: 33/35 MP: 4/4
  1539 | D:3      | Found an ancient bone altar of Kikubaaqudgha.
  1544 | D:3      | Found a glowing golden altar of the Shining One.
  1549 | D:3      | Found an iron altar of Okawaru.
  1565 | D:3      | Became a worshipper of the Shining One
  1589 | D:3      | Found a faded altar of an unknown god.
  1589 | D:3      | Noticed an ice devil
  1687 | D:3      | Reached skill level 1 in Dodging
  1687 | D:3      | Reached skill level 1 in Stealth
  1687 | D:3      | Reached XP level 5. HP: 25/41 MP: 5/5
  1761 | D:3      | Reached skill level 1 in Long Blades
  1914 | D:3      | HP: 2/41 [poisoned by an adder]
  1915 | D:3      | Succumbed to an adder's poison

Illustrated notes

Levels and vault maps discovered:
D:1:      scummos_arrival_simple_crosswalls, layout_rooms, corner_web_ring,
          minmay_rat_gold_closets
D:2:      layout_rooms
D:3:      layout_loops_ring, lemuel_round_altar,
          minmay_overflow_temple_star_quad,
          dreamdust_ecumenical_altar_sealed_demon, uniq_natasha

Skill      XL: |  1  2  3  4  5 |
---------------+----------------+-----
Dodging        | 1 |  1.2
Stealth        | 1 |  1.2
Long Blades    | 1 |  1.1
Fighting       | |  3.6
Short Blades   | |  2.9
Armour         | |  3.8
Shields        | |  3.3

Action                     |  1- 3 |  4- 6 || total
---------------------------+-------+-------++-------
  Melee: Rapier            |   126 |    95 ||   221
    Use: Scroll            |     3 |       ||     3
 Armour: Scale mail        |    51 |    34 ||    85
  Dodge: Dodged            |    52 |    37 ||    89
  Block: Buckler           |    35 |    23 ||    58

Table legend: (Time is in decaauts)
 A = Elapsed time spent in this place.
 B = Non-inter-level travel time spent in this place.
 C = Inter-level travel time spent in this place.
 D = Time resting spent in this place.
 E = Time spent auto-exploring this place.
 F = Levels seen in this place.
 G = Mean time per level.
                   A        B        C        D        E       F      G
               +--------+--------+--------+--------+--------+-----+--------+
         Total |   1945 |   1688 |    257 |    152 |    792 |   3 |  648.3 |
       Dungeon |   1945 |   1688 |    257 |    152 |    792 |   3 |  648.3 |
               +--------+--------+--------+--------+--------+-----+--------+

Top non-repeatable levels by time:
     D:1: 943 daAuts
     D:3: 535 daAuts
     D:2: 466 daAuts
